 Dungeon Sprint DCSS version 0.29-a0-356-g7bc237e783 (webtiles) character file.

Game seed: 13504504432988100076

4600000 Zeldest the Axe Maniac (level 24, -19/181 HPs)
             Began as a Vampire Warper on Apr 25, 2022.
             Was the Champion of Makhleb.
             Demolished by a large bag of meat
             ... wielding a +9 giant spiked club
              (93 damage)
             ... in the Dungeon (Sprint VIII: "Arena of Blood").
             The game lasted 00:02:11 (46 turns).

Zeldest the Axe Maniac (Vampire Warper)               Turns: 46, Time: 00:02:11

Health: -19/181    AC:  6    Str: 10    XL:     24   Next: 73%
Magic:  11/54      EV: 33    Int: 18    God:    Makhleb [******]
Gold:   0          SH:  0    Dex: 22    Spells: 77/77 levels left

rFire   . . .      SeeInvis +   j - +∞ Axe of Woe
rCold   + + .      Faith    .   (shield currently unavailable)
rNeg    + + +      Spirit   .   b - +0 leather armour
rPois   ∞          Reflect  .   (no helmet)
rElec   .          Harm     .   (no cloak)
rCorr   .          Rampage  .   (no gloves)
Will    ++...      NoTele   +   (no boots) Stlth **++++++++
                                (no amulet)
HPRegen 0.00/turn               (no ring)
MPRegen 0.34/turn               (no ring)

@: bloodless, inhibited regen
A: bloodless, fangs 3, see invisible, vampiric 2
a: Bat Form, Revivify, Renounce Religion, Minor Destruction, Lesser Servant of
Makhleb, Major Destruction, Greater Servant of Makhleb


You were in the Dungeon.
You worshipped Makhleb.
Makhleb was exalted by your worship.
You visited 1 branch

Inventory:

Hand Weapons
 a - a +0 hand axe
 j - the +∞ Axe of Woe (weapon)
   (You found it in the Dungeon)
Missiles
 d - 7 boomerangs of dispersal (quivered)
Armour
 b - a +0 leather armour (worn)
Potions
 e - a potion of curing
 f - a potion of heal wounds
 g - a potion of haste
 h - 2 potions of magic
 i - a potion of berserk rage


   Skills:
 O Level 27 Fighting
 + Level 18.4(21.3) Short Blades
 + Level 16.8(19.6) Long Blades
 O Level 27 Axes
 + Level 14.3(22.8) Maces & Flails
 + Level 15.5(24.6) Polearms
 + Level 14.4(18.9) Staves
 + Level 14.3(16.8) Slings
 + Level 14.3 Bows
 + Level 14.4 Crossbows
 + Level 14.4(16.8) Throwing
 O Level 27 Armour
 O Level 27 Dodging
 O Level 27 Stealth
 + Level 15.6 Shields
 + Level 18.2 Unarmed Combat
 O Level 27 Spellcasting
 + Level 13.2 Conjurations
 + Level 23.0 Hexes
 + Level 17.0 Summonings
 + Level 18.2 Necromancy
 O Level 27 Translocations
 + Level 18.2 Transmutations
 + Level 14.3 Fire Magic
 + Level 17.0 Ice Magic
 + Level 16.8 Air Magic
 + Level 17.0 Earth Magic
 + Level 15.5 Poison Magic
 O Level 27 Invocations
 + Level 15.5 Evocations


You had 77 spell levels left.
You didn't know any spells.
Your spell library contained the following spells:

 Spells                   Type           Power      Damage    Failure   Level
 Blink                    Tloc           100%       N/A       0%          2
 Gell's Gravitas          Tloc           88%        N/A       0%          3
 Lesser Beckoning         Tloc           88%        N/A       0%          3
 Teleport Other           Tloc           88%        N/A       0%          3
 Manifold Assault         Tloc           88%        N/A       0%          5


Dungeon Overview and Level Annotations

Branches:
Dungeon (1/1)

Altars:
Makhleb

Annotations:
D The Servant


Innate Abilities, Weirdness & Mutations

You do not regenerate when monsters are visible.
You are frail without blood (-20% HP).
You can heal yourself when you bite living creatures.
You are immune to poison.
You have razor-sharp teeth.
You have supernaturally acute eyesight. (SInv)
You are afflicted with vampirism and can become a bat while bloodless.


Message History

The destroyer blinks!
The destroyer barely misses you. The destroyer bites you.
You hear a shout!
You slice the destroyer!!
You slaughter the destroyer joyfully.
You destroy the destroyer!
Makhleb accepts your kill.
You feel better.
You hit the bag of meat but do no damage.
You slaughter the bag of meat joyfully.
You kill the bag of meat!
Makhleb accepts your kill.
You hear a shout! x2
The destroyer points at you and mumbles some strange words.
The destroyer blinks!
You hear a shout!
Your base Short Blades skill increases to level 18!
Your base Maces & Flails skill increases to level 14!
Your base Slings skill increases to level 14!
Your Bows skill increases to level 14!
Your Unarmed Combat skill increases to level 18!
Your Conjurations skill increases to level 13!
Your Hexes skill increases to level 23!
Your Summonings skill increases to level 17!
Your Necromancy skill increases to level 18!
Your Transmutations skill increases to level 18!
Your Fire Magic skill increases to level 14!
Your Ice Magic skill increases to level 17!
Your Earth Magic skill increases to level 17!
The bag of meat attacks as you move away!
The bag of meat completely misses you. The destroyer attacks as you move away!
The destroyer hits you with a +9 vorpal great sword!!!
The destroyer bites you!
You hear a shout!
The accursed points at you and mumbles some strange words.
Something smites you! The destroyer casts a spell at you.
The destroyer blinks!
The large bag of meat hits you with a +9 giant spiked club!!
The large bag of meat hits you with a +9 giant spiked club!!!!
Ouch! That really hurt!
You die...

#............#....
#......oo.#......##
#....#o............
#....##.......#....
#.OM..#....o#...z..
#=....o###§☼§......
#.§.V.##..z§#oO....
#)@oo#..oo§§°o#....
#.oOO#ooo.Ooo§.....
#..V)oO.oO..§§...##
#.Voooooo.....V....
#..o.o.o.......Oo..
#.....§...#§..§....
#........#.#.#....V
#.........#.#.....@
#..###...#.# #.....


You could see an accursed, 3 destroyers, 3 large bags of meat, a meat berserker
(berserk) and 14 bags of meat.

Vanquished Creatures
  7 vampire knights (D)
  21 ogres (D)
  3 two-headed ogres (D)
  46 orcs (D)
  A skeletal warrior (D)
78 creatures vanquished.

Notes
Turn   | Place    | Note
-------+----------+-------------------------------------------
     0 | D        | Found the +∞ Axe of Woe
     0 | D        | Zeldest the Vampire Warper began the quest for the Orb.
     0 | D        | Reached XP level 1. HP: 16/16 MP: 3/3
     1 | D        | Noticed a bag of meat
     2 | D        | Noticed a bag of meat
     2 | D        | Noticed a bag of meat
     2 | D        | Noticed a bag of meat
     3 | D        | Noticed a bag of meat
     3 | D        | Noticed a bag of meat
     4 | D        | Noticed a bag of meat
     4 | D        | Noticed a bag of meat
     5 | D        | Noticed a bag of meat
     7 | D        | Noticed a meat berserker
     8 | D        | Killed a bag of meat
     8 | D        | Noticed a meat berserker
     9 | D        | Reached skill level 10 in Fighting
     9 | D        | Reached XP level 2. HP: 28/28 MP: 3/7
     9 | D        | Gained mutation: You are afflicted with vampirism and can
                  | become a bat while bloodless. [Vampire growth]
     9 | D        | Reached XP level 3. HP: 32/32 MP: 3/9
     9 | D        | Reached XP level 4. HP: 37/37 MP: 3/10
     9 | D        | Reached XP level 5. HP: 42/42 MP: 3/12
     9 | D        | Reached XP level 6. HP: 48/48 MP: 3/13
     9 | D        | Reached XP level 7. HP: 52/52 MP: 3/14
     9 | D        | Reached XP level 8. HP: 57/57 MP: 3/15
     9 | D        | Reached XP level 9. HP: 62/62 MP: 3/16
     9 | D        | Reached XP level 10. HP: 68/68 MP: 3/17
     9 | D        | Killed a bag of meat
     9 | D        | Killed a bag of meat
     9 | D        | Killed a bag of meat
     9 | D        | Killed a bag of meat
    10 | D        | Reached XP level 11. HP: 80/80 MP: 3/21
    10 | D        | Reached XP level 12. HP: 85/85 MP: 3/22
    10 | D        | Reached XP level 13. HP: 90/90 MP: 3/23
    10 | D        | Killed a meat berserker
    10 | D        | Killed a bag of meat
    10 | D        | Noticed a meat berserker
    11 | D        | Reached skill level 15 in Fighting
    11 | D        | Reached skill level 15 in Invocations
    11 | D        | Reached XP level 14. HP: 99/99 MP: 3/25
    11 | D        | Killed a bag of meat
    12 | D        | Killed a bag of meat
    12 | D        | Killed a bag of meat
    12 | D        | Noticed a bag of meat
    13 | D        | Reached skill level 15 in Armour
    13 | D        | Reached XP level 15. HP: 107/107 MP: 3/27
    13 | D        | Killed a meat berserker
    13 | D        | Noticed a meat berserker
    15 | D        | Became a worshipper of Makhleb the Destroyer
    16 | D        | Killed a meat berserker
    16 | D        | Noticed a meat berserker
    17 | D        | Noticed a meat berserker
    17 | D        | Noticed a meat berserker
    17 | D        | Noticed a meat berserker
    18 | D        | Noticed a meat berserker
    18 | D        | Noticed a destroyer
    19 | D        | Noticed a meat berserker
    19 | D        | Noticed a meat berserker
    19 | D        | Noticed a meat berserker
    19 | D        | Noticed a meat berserker
    19 | D        | Noticed a meat berserker
    20 | D        | Noticed a meat berserker
    20 | D        | Noticed a meat berserker
    20 | D        | Noticed a meat berserker
    20 | D        | Noticed a large bag of meat
    21 | D        | Noticed a meat berserker
    22 | D        | Noticed a meat berserker
    22 | D        | Killed a meat berserker
    22 | D        | Reached * piety under Makhleb
    22 | D        | Noticed a destroyer
    23 | D        | Reached XP level 16. HP: 117/117 MP: 5/29
    23 | D        | Killed a meat berserker
    23 | D        | Killed a meat berserker
    23 | D        | Reached ** piety under Makhleb
    23 | D        | Noticed a large bag of meat
    24 | D        | Reached skill level 27 in Axes
    24 | D        | Noticed a meat berserker
    24 | D        | Killed a meat berserker
    25 | D        | Reached XP level 17. HP: 129/129 MP: 5/32
    25 | D        | Killed a meat berserker
    25 | D        | Killed a meat berserker
    25 | D        | Reached *** piety under Makhleb
    25 | D        | Killed a meat berserker
    25 | D        | Noticed a large bag of meat
    26 | D        | Reached skill level 27 in Dodging
    26 | D        | Reached XP level 18. HP: 141/141 MP: 6/34
    26 | D        | Killed a meat berserker
    26 | D        | Reached **** piety under Makhleb
    26 | D        | Killed a meat berserker
    26 | D        | Killed a meat berserker
    26 | D        | Killed a meat berserker
    26 | D        | Reached ***** piety under Makhleb
    26 | D        | Noticed a destroyer
    27 | D        | Reached skill level 27 in Fighting
    27 | D        | Reached skill level 27 in Armour
    27 | D        | Reached skill level 27 in Invocations
    27 | D        | Reached XP level 19. HP: 151/151 MP: 6/36
    27 | D        | Killed a meat berserker
    27 | D        | Noticed a large bag of meat
    28 | D        | Reached skill level 15 in Translocations
    28 | D        | Noticed a large bag of meat
    28 | D        | Killed a meat berserker
    29 | D        | Reached skill level 27 in Stealth
    29 | D        | Noticed a large bag of meat
    29 | D        | Killed a meat berserker
    29 | D        | Reached ****** piety under Makhleb
    29 | D        | Killed a meat berserker
    29 | D        | Killed a meat berserker
    29 | D        | Noticed a destroyer
    29 | D        | Noticed a large bag of meat
    30 | D        | Reached skill level 27 in Spellcasting
    30 | D        | Reached XP level 20. HP: 157/157 MP: 6/51
    30 | D        | Noticed a destroyer
    30 | D        | Noticed a meat berserker
    31 | D        | Reached XP level 21. HP: 163/163 MP: 6/52
    33 | D        | Reached skill level 5 in Maces & Flails
    33 | D        | Reached skill level 5 in Staves
    33 | D        | Reached skill level 5 in Slings
    33 | D        | Reached skill level 5 in Bows
    33 | D        | Reached skill level 5 in Crossbows
    33 | D        | Reached skill level 5 in Throwing
    33 | D        | Reached skill level 5 in Conjurations
    33 | D        | Reached skill level 5 in Fire Magic
    35 | D        | Reached skill level 10 in Long Blades
    35 | D        | Reached skill level 10 in Summonings
    35 | D        | Reached skill level 10 in Transmutations
    35 | D        | Reached skill level 10 in Ice Magic
    35 | D        | Reached skill level 10 in Air Magic
    35 | D        | Reached skill level 10 in Earth Magic
    35 | D        | Reached XP level 22. HP: 169/169 MP: 7/53
    35 | D        | Killed a destroyer
    35 | D        | Killed a large bag of meat
    35 | D        | Killed a large bag of meat
    35 | D        | Noticed The Servant
    35 | D        | Noticed a destroyer
    36 | D        | Reached skill level 10 in Maces & Flails
    36 | D        | Reached skill level 10 in Staves
    36 | D        | Reached skill level 10 in Slings
    36 | D        | Reached skill level 10 in Bows
    36 | D        | Reached skill level 10 in Crossbows
    36 | D        | Reached skill level 10 in Throwing
    36 | D        | Reached skill level 27 in Translocations
    36 | D        | Reached skill level 10 in Fire Magic
    36 | D        | Killed a destroyer
    36 | D        | Killed a large bag of meat
    36 | D        | Noticed a destroyer
    37 | D        | Reached skill level 10 in Conjurations
    37 | D        | Reached XP level 23. HP: 116/175 MP: 8/54
    37 | D        | Noticed a destroyer
    37 | D        | Noticed a destroyer
    38 | D        | Noticed a destroyer
    38 | D        | Killed a destroyer
    38 | D        | Noticed a destroyer
    39 | D        | Reached skill level 15 in Necromancy
    40 | D        | Reached skill level 15 in Short Blades
    40 | D        | Reached skill level 15 in Unarmed Combat
    40 | D        | Reached skill level 15 in Transmutations
    41 | D        | Killed a destroyer
    41 | D        | Killed a destroyer
    42 | D        | Reached skill level 15 in Long Blades
    42 | D        | Reached skill level 15 in Summonings
    42 | D        | Reached skill level 15 in Ice Magic
    42 | D        | Reached skill level 15 in Air Magic
    42 | D        | Reached skill level 15 in Earth Magic
    42 | D        | Reached XP level 24. HP: 181/181 MP: 9/54
    43 | D        | Killed a destroyer
    44 | D        | Reached skill level 15 in Polearms
    44 | D        | Reached skill level 15 in Shields
    44 | D        | Reached skill level 15 in Poison Magic
    44 | D        | Reached skill level 15 in Evocations
    45 | D        | Noticed an accursed
    45 | D        | Killed a destroyer
    46 | D        | Demolished by a large bag of meat

Illustrated notes

Levels and vault maps discovered:
D:        meatsprint

Skill      XL: |  1  2  3  4  5  6  7  8  9 10 11 12 13 14 15 16 17 18 19 20 21 22 23 24 |
---------------+-------------------------------------------------------------------------+-----
Fighting       | 10 14 15 17 19 22 25 27 | 27.0
Axes           | 14 19 21 23 26 27 | 27.0
Armour         | 9 13 14 15 17 20 23 27 | 27.0
Dodging        | 12 16 18 20 22 26 27 | 27.0
Invocations    | 9 13 15 17 19 22 25 27 | 27.0
Stealth        | 18 27 | 27.0
Spellcasting   | 11 27 | 27.0
Translocations | 11 25 26 27 | 27.0
Short Blades   | 4 11 14 16 18 | 18.4
Long Blades    | 4 10 13 15 16 | 16.8
Maces & Flails | 3 8 11 13 14 | 14.3
Polearms       | 3 9 11 14 15 | 15.5
Staves         | 3 8 11 13 14 | 14.4
Slings         | 3 8 11 13 14 | 14.3
Bows           | 3 8 11 13 14 | 14.3
Crossbows      | 3 8 11 13 14 | 14.4
Throwing       | 3 8 11 13 14 | 14.4
Shields        | 3 9 12 14 15 | 15.6
Unarmed Combat | 4 11 14 16 18 | 18.2
Conjurations   | 3 7 10 12 13 | 13.2
Hexes          | 6 14 18 21 23 | 23.0
Summonings     | 4 10 13 15 17 | 17.0
Necromancy     | 4 11 14 16 18 | 18.2
Transmutations | 4 10 14 16 18 | 18.2
Fire Magic     | 3 8 11 13 14 | 14.3
Ice Magic      | 4 10 13 15 17 | 17.0
Air Magic      | 4 10 13 15 16 | 16.8
Earth Magic    | 4 10 13 15 17 | 17.0
Poison Magic   | 3 9 12 14 15 | 15.5
Evocations     | 3 9 12 14 15 | 15.5

Action                   |  1- 3 |  4- 6 |  7- 9 | 10-12 | 13-15 | 16-18 | 19-21 | 22-24 || total
-------------------------+-------+-------+-------+-------+-------+-------+-------+-------++-------
Melee: Executioner's axe |     1 |       |       |     1 |     6 |     4 |     7 |     8 ||    27
 Abil: Exsanguinate      |     1 |       |       |       |       |       |       |       ||     1
  Use: Scroll            |       |       |       |       |     1 |       |       |     1 ||     2
Dodge: Dodged            |       |       |       |       |       |       |     1 |     2 ||     3

Table legend: (Time is in decaauts)
 A = Elapsed time spent in this place.
 B = Non-inter-level travel time spent in this place.
 C = Inter-level travel time spent in this place.
 D = Time resting spent in this place.
 E = Time spent auto-exploring this place.
 F = Levels seen in this place.
 G = Mean time per level.
                   A        B        C        D        E       F      G
               +--------+--------+--------+--------+--------+-----+--------+
         Total |     39 |     39 |      0 |      0 |      0 |   1 |   39.0 |
       Dungeon |     39 |     39 |      0 |      0 |      0 |   1 |   39.0 |
               +--------+--------+--------+--------+--------+-----+--------+

Top non-repeatable levels by time:
       D: 39 daAuts
